 Dungeon Crawl Stone Soup version 0.27.0-1-g7a089689b8 (webtiles) character file.

Game seed: 15642763022232316163

23325 PBDoughboyy the Thaumaturge (level 13, -19/101 HPs)
             Began as a Gnoll Warper on Aug 11, 2021.
             Was a High Priest of Dithmenos.
             Demolished by a bog body (25 damage)
             ... on level 2 of the Lair of Beasts on Aug 12, 2021.
             The game lasted 01:52:45 (16346 turns).

PBDoughboyy the Thaumaturge (Gnoll Warper)         Turns: 16346, Time: 01:52:48

Health: -19/101    AC: 13    Str: 11    XL:     13   Next: 6%
Magic:  21/26      EV: 18    Int: 17    God:    Dithmenos [*****.]
Gold:   720        SH:  8    Dex: 18    Spells: 8/30 levels left

rFire    . . .     SeeInvis .   A - +6 trident (freeze)
rCold    . . .     Faith    .   a - +2 buckler
rNeg     . . .     Spirit   .   N - +0 steam dragon scales
rPois    +         Reflect  .   (no helmet)
rElec    .         Harm     .   h - +2 cloak
rCorr    .         Rampage  .   K - +2 pair of gloves
Will     .....                  (no boots)
Stlth    +++.......             x - amulet of regeneration
HPRegen  1.26/turn              E - ring of poison resistance
MPRegen  0.20/turn              B - +6 ring of dexterity

@: slowed, wreathed by umbra, very slow
A: fangs 1, strong nose, distributed training
a: Renounce Religion, Shadow Step, Shadow Form


You were on level 2 of the Lair of Beasts.
You worshipped Dithmenos.
Dithmenos was extremely pleased with you.
You visited 3 branches of the dungeon, and saw 17 of its levels.
You also visited: Sewer and Bailey.

You collected 1030 gold pieces.
You spent 310 gold pieces at shops.

Inventory:

Hand Weapons
 v - a +0 morningstar of holy wrath
 A - a +6 trident of freezing (weapon)
 U - a +3 dagger of electrocution
Missiles
 d - 5 boomerangs of dispersal
 e - 89 poisoned darts (quivered)
 n - 19 boomerangs
 u - a throwing net
Armour
 a - a +2 buckler (worn)
 h - a +2 cloak (worn)
 K - a +2 pair of gloves (worn)
 N - +0 steam dragon scales (worn)
Jewellery
 j - a ring of fire
 o - an amulet of reflection
 x - an amulet of regeneration (around neck)
 y - a ring of wizardry
 B - a +6 ring of dexterity (right hand)
 E - a ring of poison resistance (left hand)
 L - a ring of resist corrosion
Wands
 b - a wand of charming (9)
 g - a wand of flame (30)
 m - a wand of mindburst (3)
 J - a wand of paralysis (13)
 M - a wand of iceblast (16)
Scrolls
 c - a scroll of blinking
 l - 3 scrolls of immolation
 q - 2 scrolls of amnesia
 w - a scroll of fear {unknown}
 D - a scroll of fog {unknown}
 I - a scroll of teleportation
 O - a scroll of vulnerability {unknown}
 P - a scroll of silence {unknown}
 Q - a scroll of noise {unknown}
 R - a scroll of summoning {unknown}
 T - a scroll of magic mapping {unknown}
 W - a scroll of holy word
Potions
 f - 11 potions of curing
 i - 6 potions of flight
 k - 7 potions of heal wounds
 p - 2 potions of brilliance
 s - 2 potions of resistance
 t - a potion of lignification
 z - 2 potions of might
 C - 3 potions of cancellation
 F - 2 potions of mutation
 G - 3 potions of haste
 H - 2 potions of magic
 S - 4 potions of ambrosia
 V - a potion of attraction


   Skills:
 + Level 9.2 Fighting
 + Level 7.9 Short Blades
 + Level 9.2 Long Blades
 + Level 7.9 Axes
 + Level 7.9 Maces & Flails
 + Level 7.9 Polearms
 + Level 7.9 Staves
 + Level 7.9 Slings
 + Level 7.9 Bows
 + Level 7.9 Crossbows
 + Level 8.3 Throwing
 + Level 8.3 Armour
 + Level 9.2 Dodging
 + Level 7.9 Stealth
 + Level 7.9 Shields
 + Level 7.9 Unarmed Combat
 + Level 9.4 Spellcasting
 + Level 6.5 Conjurations
 + Level 6.5 Hexes
 + Level 6.5 Summonings
 + Level 6.5 Necromancy
 + Level 8.6 Translocations
 + Level 6.5 Transmutations
 + Level 6.5 Fire Magic
 + Level 6.5 Ice Magic
 + Level 6.5 Air Magic
 + Level 6.5 Earth Magic
 + Level 6.5 Poison Magic
 + Level 8.6 Invocations
 + Level 7.9 Evocations


You had 8 spell levels left.
You knew the following spells:

 Your Spells              Type           Power      Damage    Failure   Level
a - Blink                 Tloc           N/A        N/A       1%          2
b - Conjure Flame         Conj/Fire      30%        6-21      1%          3
c - Ignite Poison         Fire/Tmut/Pois 30%        N/A       1%          3
d - Sticky Flame          Conj/Fire      30%        2d5       6%          4
e - Manifold Assault      Tloc           37%        N/A       7%          5
f - Passwall              Tmut/Erth      25%        N/A       1%          2
g - Ozocubu's Armour      Ice            30%        N/A       1%          3

Your spell library contained the following spells:

 Spells                   Type           Power      Damage    Failure   Level
 Pain                     Necr           100%       1d9       1%          1
 Sandblast                Erth           60%        2d14      1%          1
 Ensorcelled Hibernation  Hex/Ice        60%        N/A       1%          2
 Slow                     Hex            30%        N/A       1%          2
 Confusing Touch          Hex            30%        N/A       1%          3
 Gell's Gravitas          Tloc           18%        N/A       1%          3
 Lesser Beckoning         Tloc           18%        N/A       1%          3
 Spider Form              Tmut/Pois      15%        N/A       1%          3
 Teleport Other           Tloc           37%        N/A       1%          3
 Agony                    Necr           30%        N/A       17%         5
 Excruciating Wounds      Necr           15%        N/A       17%         5
 Lee's Rapid Deconstruct  Erth           15%        3d11*     17%         5
 Yara's Violent Unravell  Hex/Tmut       15%        3d8       17%         5
 Shadow Creatures         Summ           N/A        N/A       67%         6
 Ozocubu's Refrigeration  Ice            15%        4d8       99%         7


Dungeon Overview and Level Annotations

Branches:
Dungeon (13/15)              Lair (2/6) D:10          Swamp (0/4) Lair:2
    Orc (2/2) D:12          Sewer (visited)          Bailey (visited)
 Temple: D:4-7        Snake: Lair:2-4    Spider: Lair:2-4       Elf: Orc:2
 Vaults: D:13-14

Altars:
Dithmenos
Fedhas
Makhleb
Beogh

Shops:
D:7 !=   D:11 *

Portals:
Trove: D:11 (give 18 potions of curing)

Annotations:
D:7 exclusion: deep elf pyromancer
D:11 Gastronok
D:12 Fannar, Nessos
Orc:2 Urug


Innate Abilities, Weirdness & Mutations

You have very sharp teeth.
Your uncanny sense of smell can sniff out nearby items.
Your experience applies equally to all skills.


Message History

Your +3 dagger of electrocution stops crackling.
Your +6 trident of freezing glows with a cold blue light!
A - a +6 trident of freezing (weapon)
The bog body gestures at you while chanting.
You feel as though you will be slow longer.
The bog body touches you but does no damage.
The bog body barely misses you.
You puncture the bog body! You freeze the bog body.
The bog body is moderately damaged.
Your shadow barely misses the bog body.
The bog body closely misses you.
You hit the bog body.
The bog body is heavily damaged.
The bog body touches you! The bog body freezes you!! The bog body touches you.
The bog body freezes you!!
Unknown command.
Okay, then.
Casting: Sticky Flame (dangerous; 6% risk of failure)
Confirm with . or Enter, or press ? or * to list all spells.
You blink.
Casting: Blink (safe; 1% risk of failure)
Confirm with . or Enter, or press ? or * to list all spells.
You blink.
Splash!
You fall into the shallow water.
Moving in this stuff is going to be slow.
The bog body points at you and mumbles some strange words.
The bolt of cold hits you!
* * * LOW HITPOINT WARNING * * *
Casting: Blink (safe; 1% risk of failure)
Confirm with . or Enter, or press ? or * to list all spells.
You blink.
Splash!
The bog body touches you.
* * * LOW HITPOINT WARNING * * *
The bog body freezes you!
* * * LOW HITPOINT WARNING * * *
The bog body touches you.
* * * LOW HITPOINT WARNING * * *
The bog body freezes you!!
You die...

###.......>..#.....#.#
####...?....#.........###
###P....###.....##P.....###
P#...#.## #########.......#
........###.##.#...##....P#
..........................#
........♣♣♣♣♣♣♣♣.......†..##
#...♣♣♣♣♣ ♣♣♣♣♣♣♣♣♣♣♣..†...#
#..♣♣≈§≈;♣♣≈≈≈≈n@≈≈≈♣♣♣†..##
.^.♣♣≈.§§§...♣.♣.......⌠...#
...♣♣≈§§§§((.....♣.♣...⌠...#
.P.♣♣≈§§§♣≈≈≈≈♣≈≈≈≈≈♣♣♣....#
#...♣♣♣♣♣♣♣♣♣♣♣♣♣♣♣♣♣.....##
###.....♣♣ ♣.........##
#.....#.†#♣ .#.##.##...#
.......#.P# ## #.###
......#...### ..#


You could see a bog body.

Vanquished Creatures
  Josephine (D:11)
  2 hydras
  Erica (D:11)
  3 two-headed ogres
  2 cyclopes
  A black mamba (Lair:1)
  Joseph (D:9)
  2 gargoyles
  An unseen horror (D:12)
  4 cane toads
  A rime drake (Lair:2)
  A queen bee (Lair:2)
  A troll (D:10)
  3 komodo dragons (Lair:1)
  Prince Ribbit (D:9)
  Grinder (D:5)
  A polar bear (Lair:2)
  7 dream sheep (Lair:2)
  A shadow (D:10)
  21 yaks
  3 wyverns
  8 wraiths
  3 steam dragons (D:9)
  A warg (Orc:1)
  9 vampire mosquitoes
  2 swamp worms (Lair:2)
  5 water moccasins
  A sky beast (D:6)
  A hornet zombie (D:6)
  An ice beast (D:8)
  6 orc warriors
  A necrophage (D:6)
  A black bear (D:5)
  An ogre (D:4)
  4 centaurs
  A kobold brigand (Sewer)
  6 bullfrogs
  3 scorpions
  A water moccasin zombie (D:6)
  19 killer bees (Lair:2)
  3 wights (D:6)
  2 howler monkeys
  The ghost of mndeal the Conjurer, a weakling DECj (D:3)
  5 centaur zombies
  2 quasits (D:3)
  4 hounds
  A gnoll shaman (D:10)
  9 orc priests
  2 centaur skeletons
  2 iguanas
  Natasha (thrice) (D:2)
  5 orc wizards
  A killer bee zombie (D:6)
  A howler monkey skeleton (D:7)
  9 gnolls
  7 adders
  2 river rats (D:6)
  2 shadow imps
  3 white imps
  An ufetubus (D:6)
  A worm (D:4)
  2 dart slugs (D:3)
  42 orcs
  4 ball pythons
  6 bats
  8 endoplasms
  4 giant cockroaches
  6 hobgoblins
  14 jackals
  10 kobolds
  3 quokkas
  3 frilled lizards
  4 goblins
  10 rats
315 creatures vanquished.

Vanquished Creatures (others)
  7 fungi (Lair:2)
  7 plants
14 creatures vanquished.

Grand Total: 329 creatures vanquished

Notes
Turn   | Place    | Note
-------+----------+-------------------------------------------
     0 | D:1      | PBDoughboyy the Gnoll Warper began the quest for the Orb.
     0 | D:1      | Reached XP level 1. HP: 20/20 MP: 6/6
   488 | D:1      | Reached XP level 2. HP: 25/26 MP: 7/7
   995 | D:1      | Found a faded altar of an unknown god.
  1002 | D:1      | Became a worshipper of Dithmenos the Shadowed
  1002 | D:1      | Reached * piety under Dithmenos
  1420 | D:2      | Noticed Natasha
  1433 | D:2      | Killed Natasha
  1434 | D:2      | Reached skill level 5 in Spellcasting
  1434 | D:2      | Reached skill level 1 in Invocations
  1434 | D:2      | Reached XP level 3. HP: 16/31 MP: 7/9
  1731 | D:2      | Reached skill level 1 in Short Blades
  1731 | D:2      | Reached skill level 1 in Axes
  1731 | D:2      | Reached skill level 1 in Maces & Flails
  1731 | D:2      | Reached skill level 1 in Polearms
  1731 | D:2      | Reached skill level 1 in Staves
  1731 | D:2      | Reached skill level 1 in Slings
  1731 | D:2      | Reached skill level 1 in Bows
  1731 | D:2      | Reached skill level 1 in Crossbows
  1731 | D:2      | Reached skill level 1 in Stealth
  1731 | D:2      | Reached skill level 1 in Shields
  1731 | D:2      | Reached skill level 1 in Unarmed Combat
  1731 | D:2      | Reached skill level 1 in Evocations
  2050 | D:2      | Reached XP level 4. HP: 38/38 MP: 11/11
  2159 | D:3      | Noticed mndeal's ghost (weakling DECj)
  2204 | D:3      | Found a transporter.
  2241 | D:3      | Reached skill level 1 in Conjurations
  2241 | D:3      | Reached skill level 1 in Hexes
  2241 | D:3      | Reached skill level 1 in Summonings
  2241 | D:3      | Reached skill level 1 in Necromancy
  2241 | D:3      | Reached skill level 1 in Transmutations
  2241 | D:3      | Reached skill level 1 in Fire Magic
  2241 | D:3      | Reached skill level 1 in Ice Magic
  2241 | D:3      | Reached skill level 1 in Air Magic
  2241 | D:3      | Reached skill level 1 in Earth Magic
  2241 | D:3      | Reached skill level 1 in Poison Magic
  2428 | D:3      | Reached XP level 5. HP: 43/43 MP: 12/12
  2447 | D:3      | Learned a level 2 spell: Blink
  2514 | D:3      | Reached ** piety under Dithmenos
  2946 | D:3      | Found a transporter.
  3215 | D:3      | Found a burning altar of Makhleb.
  3315 | D:2      | Noticed Natasha
  3372 | D:2      | Killed Natasha
  3555 | D:2      | Noticed Natasha
  3564 | D:2      | Killed Natasha
  3565 | D:2      | Reached XP level 6. HP: 47/50 MP: 13/13
  4005 | D:4      | Reached skill level 5 in Fighting
  4005 | D:4      | Reached skill level 5 in Long Blades
  4005 | D:4      | Reached skill level 5 in Dodging
  4624 | D:4      | Reached XP level 7. HP: 50/56 MP: 15/15
  4883 | D:5      | Entered Level 5 of the Dungeon
  5146 | D:5      | Noticed Grinder
  5556 | D:5      | Reached *** piety under Dithmenos
  5604 | D:5      | Noticed a shadow
  5927 | D:6      | Reached XP level 8. HP: 58/63 MP: 16/16
  6251 | D:6      | Found a glowing drain.
  6256 | Sewer    | Entered a sewer
  6380 | Sewer    | Found a white marble altar of Elyvilon.
  7298 | D:5      | Noticed a wyvern
  7493 | D:6      | Killed a wyvern
  7494 | D:6      | Reached XP level 9. HP: 39/69 MP: 10/18
  7639 | D:5      | Killed Grinder
  7855 | D:3      | Killed mndeal's ghost
  8032 | D:7      | Reached **** piety under Dithmenos
  8126 | D:7      | Found Linof's Jewellery Shoppe.
  8256 | D:7      | Noticed a deep elf pyromancer
  8304 | D:7      | Reached skill level 5 in Throwing
  8304 | D:7      | Reached skill level 5 in Armour
  8317 | D:7      | Found Nuto's Distillery.
  8327 | D:7      | Bought a potion of mutation for 80 gold pieces
  8327 | D:7      | Bought a potion of cancellation for 80 gold pieces
  8327 | D:7      | Bought a potion of haste for 100 gold pieces
  8327 | D:7      | Bought a potion of heal wounds for 50 gold pieces
  8591 | D:8      | Found a blossoming altar of Fedhas.
  8764 | D:8      | Reached skill level 5 in Invocations
  9085 | D:8      | Reached XP level 10. HP: 73/77 MP: 20/20
  9704 | D:9      | Noticed Joseph
  9771 | D:9      | Noticed Prince Ribbit
  9784 | D:9      | Killed Prince Ribbit
  9785 | D:9      | Reached skill level 5 in Short Blades
  9785 | D:9      | Reached skill level 5 in Axes
  9785 | D:9      | Reached skill level 5 in Maces & Flails
  9785 | D:9      | Reached skill level 5 in Polearms
  9785 | D:9      | Reached skill level 5 in Staves
  9785 | D:9      | Reached skill level 5 in Slings
  9785 | D:9      | Reached skill level 5 in Bows
  9785 | D:9      | Reached skill level 5 in Crossbows
  9785 | D:9      | Reached skill level 5 in Stealth
  9785 | D:9      | Reached skill level 5 in Shields
  9785 | D:9      | Reached skill level 5 in Unarmed Combat
  9785 | D:9      | Reached skill level 5 in Evocations
  9911 | D:9      | Found a flagged portal.
  9920 | Bailey   | Entered a bailey
  9989 | Bailey   | Found an iron altar of Okawaru.
  9989 | Bailey   | Noticed an orc sorcerer
  9989 | Bailey   | Noticed an orc high priest
 10315 | D:9      | Killed Joseph
 10641 | D:10     | Entered Level 10 of the Dungeon
 10656 | D:9      | Reached XP level 11. HP: 78/84 MP: 22/22
 10923 | D:10     | Reached skill level 5 in Conjurations
 10923 | D:10     | Reached skill level 5 in Hexes
 10923 | D:10     | Reached skill level 5 in Summonings
 10923 | D:10     | Reached skill level 5 in Necromancy
 10923 | D:10     | Reached skill level 5 in Transmutations
 10923 | D:10     | Reached skill level 5 in Fire Magic
 10923 | D:10     | Reached skill level 5 in Ice Magic
 10923 | D:10     | Reached skill level 5 in Air Magic
 10923 | D:10     | Reached skill level 5 in Earth Magic
 10923 | D:10     | Reached skill level 5 in Poison Magic
 10932 | D:10     | Found a staircase to the Lair.
 11113 | D:10     | Reached ***** piety under Dithmenos
 11424 | D:10     | You fall into a shaft and drop 3 floors!
 11446 | D:13     | Noticed a two-headed ogre
 11526 | D:12     | Found a staircase to the Orcish Mines.
 11599 | D:12     | Noticed a two-headed ogre
 11654 | D:12     | Noticed a cyclops
 11860 | D:11     | Noticed a two-headed ogre
 11897 | D:11     | Noticed a two-headed ogre
 11929 | D:11     | Noticed a cyclops
 11985 | D:10     | Killed a two-headed ogre
 12240 | D:11     | Noticed Josephine
 12261 | D:11     | Killed Josephine
 12372 | D:11     | Noticed Erica
 12382 | D:11     | Killed Erica
 12507 | D:11     | Noticed Gastronok
 12523 | D:11     | Found a portal to a secret trove of treasure.
 12542 | D:11     | Learned a level 3 spell: Conjure Flame
 12546 | D:11     | Learned a level 3 spell: Ignite Poison
 12551 | D:11     | Learned a level 4 spell: Sticky Flame
 12557 | D:11     | Learned a level 5 spell: Manifold Assault
 12639 | D:11     | Found Wiethrioh's General Store.
 12871 | D:12     | Killed a two-headed ogre
 12872 | D:12     | Reached XP level 12. HP: 71/94 MP: 24/24
 13479 | D:12     | Noticed Fannar
 13540 | D:12     | Learned a level 2 spell: Passwall
 13686 | D:12     | Noticed an eight-headed hydra
 13714 | D:12     | Noticed Nessos
 13732 | Orc:1    | Entered Level 1 of the Orcish Mines
 13878 | Orc:2    | Entered Level 2 of the Orcish Mines
 14071 | Orc:2    | Noticed Urug
 14293 | D:11     | Killed a two-headed ogre
 14363 | Lair:1   | Entered Level 1 of the Lair of Beasts
 14621 | Lair:1   | Noticed a four-headed hydra
 14644 | Lair:1   | Killed a four-headed hydra
 14931 | Lair:1   | Learned a level 3 spell: Ozocubu's Armour
 14946 | Lair:1   | Identified the +1 leather armour of Weirdness {Dex+4}
 15337 | Lair:2   | Noticed a seven-headed hydra
 15357 | Lair:2   | Found a staircase to the Swamp.
 15831 | Lair:2   | Killed a seven-headed hydra
 16175 | Lair:2   | Reached XP level 13. HP: 98/101 MP: 4/26
 16346 | Lair:2   | Demolished by a bog body

Illustrated notes

Levels and vault maps discovered:
D:1:      heliophobic_arrival_battle_scene, layout_loops_ring,
          dilly_ecumenical_altar_fadedgnrine, amethyst_killhole
D:2:      layout_basic, kennysheep_generic_room_12, uniq_natasha
D:3:      layout_loops_corners, nicolae_overflow_crystal_walls,
          gammafunk_ghost_stat_death, minmay_diced_spiral
D:4:      layout_loops_cross
D:5:      layout_basic, grunt_temple_overflow_open,
          minmay_temple_entry_overgrown, st_stairs_1, uniq_grinder
D:6:      layout_cave_pools, portal_sewer_entry_e
D:7:      layout_rooms, serial_shops, nicolae_stop_n_shop_1, shop
D:8:      layout_basic, old_standard_altar
D:9:      layout_irregular_city, enter_bailey_8, uniq_prince_ribbit1,
          uniq_joseph
D:10:     layout_small_grid, lair_entry_dummy, minivault_22
D:11:     layout_layer_cave, serial_shops, shop_fountains,
          nicolae_trove_entry_isolated, uniq_josephine, uniq_gastronok,
          uniq_erica
D:12:     layout_gridville, minmay_orc_entry_temple_small, uniq_nessos,
          uniq_fannar
D:13:     layout_loops_cross, uniq_rupert, uniq_kirke
Lair:1:   layout_long_grid
Lair:2:   layout_misc_corridors, nicolae_swamp_entry_splash_gauntlet,
          special_room [special_room_bee]
Orc:1:    layout_caves, serial_shops, shop_coins
Orc:2:    st_orc_elflike, layout_diamond_mine, basic_altar, uniq_urug,
          uniq_saint_roka

Skill      XL: |  1  2  3  4  5  6  7  8  9 10 11 12 |
---------------+-------------------------------------+-----
Spellcasting   | 5 6 7 8 9 |  9.4
Invocations    | 1 2 3 4 5 6 7 8 |  8.6
Short Blades   | 1 2 3 4 5 6 7 |  7.9
Axes           | 1 2 3 4 5 6 7 |  7.9
Maces & Flails | 1 2 3 4 5 6 7 |  7.9
Polearms       | 1 2 3 4 5 6 7 |  7.9
Staves         | 1 2 3 4 5 6 7 |  7.9
Slings         | 1 2 3 4 5 6 7 |  7.9
Bows           | 1 2 3 4 5 6 7 |  7.9
Crossbows      | 1 2 3 4 5 6 7 |  7.9
Stealth        | 1 2 3 4 5 6 7 |  7.9
Shields        | 1 2 3 4 5 6 7 |  7.9
Unarmed Combat | 1 2 3 4 5 6 7 |  7.9
Evocations     | 1 2 3 4 5 6 7 |  7.9
Conjurations   | 1 2 3 4 5 6 |  6.5
Hexes          | 1 2 3 4 5 6 |  6.5
Summonings     | 1 2 3 4 5 6 |  6.5
Necromancy     | 1 2 3 4 5 6 |  6.5
Transmutations | 1 2 3 4 5 6 |  6.5
Fire Magic     | 1 2 3 4 5 6 |  6.5
Ice Magic      | 1 2 3 4 5 6 |  6.5
Air Magic      | 1 2 3 4 5 6 |  6.5
Earth Magic    | 1 2 3 4 5 6 |  6.5
Poison Magic   | 1 2 3 4 5 6 |  6.5
Throwing       | 3 4 5 6 7 8 |  8.3
Armour         | 3 4 5 6 7 8 |  8.3
Fighting       | 5 6 7 8 9 |  9.2
Long Blades    | 5 6 7 8 9 |  9.2
Dodging        | 5 6 7 8 9 |  9.2
Translocations | 6 7 8 |  8.6

Action                   |  1- 3 |  4- 6 |  7- 9 | 10-12 | 13-15 || total
-------------------------+-------+-------+-------+-------+-------++-------
Melee: Falchion          |    74 |   168 |       |       |       ||   242
       Bite              |     4 |    23 |    17 |    72 |     2 ||   118
       Mace              |       |    31 |   257 |       |       ||   288
       Punch             |       |     1 |     1 |       |       ||     2
       Trident           |       |       |   131 |   467 |    15 ||   613
       Dagger            |       |       |       |   203 |       ||   203
Throw: Dart              |    10 |    29 |    26 |    46 |     8 ||   119
       Boomerang         |       |       |    14 |     9 |       ||    23
       Throwing net      |       |       |     1 |       |       ||     1
 Cast: Blink             |       |     1 |    10 |     7 |     3 ||    21
       Sticky Flame      |       |       |       |    22 |     1 ||    23
       Ignite Poison     |       |       |       |     6 |       ||     6
       Ozocubu's Armour  |       |       |       |     3 |       ||     3
       Conjure Flame     |       |       |       |     1 |       ||     1
       Manifold Assault  |       |       |       |     1 |       ||     1
Invok: Shadow Step       |       |       |       |     1 |       ||     1
Evoke: Wand              |       |       |     6 |     6 |       ||    12
  Use: Scroll            |       |       |     9 |    14 |       ||    23
       Potion            |       |       |     2 |       |       ||     2
 Stab: Sleeping          |     1 |     1 |     2 |    25 |       ||    29
       Distracted        |       |       |     2 |     4 |       ||     6
Armor: Leather armour    |    18 |    36 |    96 |    19 |       ||   169
       Steam dragon scal |       |       |       |   152 |     5 ||   157
Dodge: Dodged            |    50 |   120 |   299 |   575 |     6 ||  1050
Block: Other             |       |     9 |    45 |       |       ||    54
       Buckler           |       |       |   120 |   236 |       ||   356
       Reflection        |       |       |     1 |       |       ||     1
       Rpst.: Falchion   |    11 |    32 |       |       |       ||    43
